 Dungeon Crawl Stone Soup version 0.23.0 (webtiles) character file.

Game seed: 979838297896746592

9846 marthius the Cleaver (level 11, -1/101 HPs)
             Began as a Hill Orc Fighter on Feb 11, 2019.
             Was a Priest of Makhleb.
             Slain by an ice devil (3 damage)
             ... on level 11 of the Dungeon.
             The game lasted 00:40:47 (12633 turns).

marthius the Cleaver (Hill Orc Fighter)            Turns: 12633, Time: 00:40:48

Health: -1/101     AC: 18    Str: 21    XL:     11   Next: 52%
Magic:  14/14      EV:  7    Int:  8    God:    Makhleb [***...]
Gold:   529        SH: 12    Dex: 12    Spells: 10/10 levels left

rFire    . . .     SeeInvis .   B - +2 broad axe
rCold    . . .     Gourm    .   c - +0 shield
rNeg     . . .     Faith    .   p - +3 chain mail
rPois    .         Spirit   .   D - +1 helmet
rElec    .         Reflect  .   (no cloak)
rCorr    .         Harm     .   v - +0 pair of gloves (curse)
MR       .....                  (no boots)
Stlth    ..........             (no amulet)
HPRegen  0.26/turn              t - ring of wizardry
MPRegen  0.14/turn              (no ring)

@: no status effects
A: no striking features
a: Minor Destruction, Lesser Servant of Makhleb, Renounce Religion


You were on level 11 of the Dungeon.
You worshipped Makhleb.
Makhleb was most pleased with you.
You were not hungry.

You visited 3 branches of the dungeon, and saw 14 of its levels.

You collected 529 gold pieces.

Inventory:

Hand Weapons
 a - a +1 war axe
 e - a +3 flail
 B - a +2 broad axe (weapon)
Missiles
 j - 277 stones (quivered)
Armour
 b - a +1 scale mail
 c - a +0 shield (worn)
 o - a +2 scale mail of cold resistance
 p - a +3 chain mail (worn)
 v - a cursed +0 pair of gloves (worn)
 D - a +1 helmet (worn)
Jewellery
 i - an uncursed ring of ice
 t - a ring of wizardry (left hand)
 A - an uncursed ring of protection from fire
Wands
 n - a wand of acid (21)
 s - a wand of paralysis (10)
 y - a wand of flame (12)
 C - a wand of enslavement (13)
Scrolls
 k - 5 scrolls of remove curse
 l - 2 scrolls of random uselessness
 m - a scroll of torment {unknown}
 r - a scroll of magic mapping {unknown}
 z - a scroll of vulnerability {unknown}
 E - a scroll of fog {unknown}
Potions
 d - 2 potions of curing
 h - 2 potions of invisibility {unknown}
 q - a potion of magic
 u - 2 potions of haste {unknown}
 w - 2 potions of brilliance
 x - 2 potions of cancellation {unknown}
 F - a potion of mutation {unknown}
Comestibles
 f - 18 rations


   Skills:
 + Level 10.9 Fighting
 + Level 11.5 Axes
 + Level 10.1 Armour
 + Level 10.1 Shields
 + Level 4.2 Invocations


You had 10 spell levels left.
You didn't know any spells.
Your spell library contained the following spells:

 Spells                   Type           Power        Failure   Level  Hunger
 Infusion                 Chrm           #...         88%         1    ##.....
 Magic Dart               Conj           #...         88%         1    ##.....
 Summon Small Mammal      Summ           #...         88%         1    ##.....
 Call Imp                 Summ           #.......     95%         2    ###....
 Searing Ray              Conj           #.....       95%         2    ###....
 Shroud of Golubria       Chrm/Tloc      #.........   95%         2    ###....
 Song of Slaying          Chrm           #.......     95%         2    ###....
 Call Canine Familiar     Summ           #.......     99%         3    ####...
 Dazzling Spray           Conj/Hex       #.....       99%         3    ####...
 Recall                   Summ/Tloc      N/A          99%         3    ####...
 Regeneration             Chrm/Necr      #.........   99%         3    ####...
 Spectral Weapon          Hex/Chrm       #.......     99%         3    ####...
 Summon Guardian Golem    Hex/Summ       #.......     99%         3    ####...
 Force Lance              Conj/Tloc      #.......     100%        4    #####..
 Fulminant Prism          Conj/Hex       #.........   100%        4    #####..
 Iskenderun's Mystic Bla  Conj           #.......     100%        4    #####..
 Summon Ice Beast         Ice/Summ       #.......     100%        4    #####..
 Summon Lightning Spire   Summ/Air       #.......     100%        4    #####..
 Aura of Abjuration       Summ           #.........   100%        5    ######.
 Summon Demon             Summ           #.........   100%        5    ######.
 Summon Forest            Summ/Tloc      #.........   100%        5    ######.
 Summon Mana Viper        Hex/Summ       #.......     100%        5    ######.
 Shadow Creatures         Summ           N/A          100%        6    #######


Dungeon Overview and Level Annotations

Branches:
Dungeon (12/15)            Temple (1/1) D:4            Lair (1/6) D:9
    Orc (0/2) D:11

Altars:
Elyvilon
Fedhas
Gozag
Hepliaklqana
Kikubaaqudgha
Makhleb
Nemelex Xobeh
Ru
Sif Muna
Xom
The Shining One

Shops:
D:4 (


Message History

The ice devil is moderately wounded.
You hit the ice devil. The ice devil hits you! The ice devil freezes you!!
The ice devil hits you. The ice devil freezes you!!
You open the door.
The ice devil hits you but does no damage. x2
There is an open door here.
A demon appears!
The ice devil hits you. The ice devil freezes you!!
* * * LOW HITPOINT WARNING * * *
The ice devil hits you.
* * * LOW HITPOINT WARNING * * *
The ice devil freezes you!
* * * LOW HITPOINT WARNING * * *
Okay, then.
Your orange demon stings the ice devil.
Your orange demon hits the ice devil but does no damage.
Your orange demon barely misses the ice devil. x2
Your orange demon stings the ice devil but does no damage.
Your orange demon stings the ice devil from afar!
A demon appears!
The ice devil hits you.
You die...

##.##(..<..###.
#.###......... #######.#
##.##.....
#.......####........
#.......#...........
#........<##......>.
#.......#########...
######.3......# ##..
#..4.4.4@.....### #.#
#.####..........## #..
#.# ########.#..## ###..
#4# ####.##..###....
#4### ...##..###..[..###
#.'.##....##...##....####
#.#.......##.......#.....
#.'.##....##....#######..
##### ...##....# #..


You could see 2 ice devils, a friendly orange demon and a friendly ynoxinul.

Vanquished Creatures
  A death yak (D:8)
  A two-headed ogre (D:10)
  An ugly thing (D:10)
  2 trolls
  3 hippogriffs
  Sigmund (D:1)
  A spriggan (D:12)
  16 yaks
  A basilisk (Lair:1)
  A water moccasin (Lair:1)
  2 sky beasts
  4 orc warriors
  2 black bears
  A phantom (D:6)
  3 ice beasts
  3 ogres
  A centaur (D:10)
  2 crocodiles (D:9)
  A big kobold (D:8)
  3 bullfrogs
  A gnoll sergeant (D:10)
  A scorpion (D:10)
  7 wights
  5 howler monkeys
  3 crimson imps
  A bullfrog zombie (D:6)
  6 hounds
  A quasit (D:7)
  A centaur zombie (D:11)
  An orc priest (D:4)
  4 jellies
  2 centaur skeletons
  2 iguanas
  8 orc wizards
  8 worker ants
  A worker ant zombie (D:10)
  7 gnolls
  9 adders
  4 shadow imps
  6 worms
  A dart slug (D:4)
  8 leopard geckos
  21 orcs
  6 giant cockroaches
  12 goblins
  4 hobgoblins
  8 jackals
  5 quokkas
  4 ball pythons
  8 bats
  6 frilled lizards
  12 kobolds
  A quokka skeleton (D:4)
  7 rats
231 creatures vanquished.

Vanquished Creatures (collateral kills)
  An ugly thing (D:11)
1 creature vanquished.

Vanquished Creatures (others)
  An orc wizard (D:10)
  A fungus (Lair:1)
2 creatures vanquished.

Grand Total: 234 creatures vanquished

Notes
Turn   | Place    | Note
-------+----------+-------------------------------------------
     0 | D:1      | marthius the Hill Orc Fighter began the quest for the Orb.
     0 | D:1      | Reached XP level 1. HP: 19/19 MP: 1/1
   120 | D:1      | Reached XP level 2. HP: 27/27 MP: 2/2
   136 | D:1      | Reached skill level 3 in Axes
   479 | D:1      | Reached XP level 3. HP: 33/33 MP: 3/3
   517 | D:2      | Noticed Sigmund
   638 | D:1      | Killed Sigmund
   638 | D:1      | Reached skill level 4 in Axes
   638 | D:1      | Reached XP level 4. HP: 12/41 MP: 4/4
   638 | D:1      | Reached XP level 5. HP: 14/47 MP: 5/5
  1339 | D:2      | Reached skill level 5 in Fighting
  1374 | D:2      | Reached XP level 6. HP: 47/56 MP: 6/6
  2446 | D:4      | Found a shimmering altar of Xom.
  2447 | D:4      | Found a shimmering altar of Xom.
  2447 | D:4      | Found a shimmering altar of Xom.
  2447 | D:4      | Found a shimmering altar of Xom.
  2449 | D:4      | Found a shimmering altar of Xom.
  2449 | D:4      | Found a shimmering altar of Xom.
  2522 | D:4      | Reached skill level 5 in Axes
  2522 | D:4      | Reached skill level 5 in Armour
  2522 | D:4      | Reached skill level 5 in Shields
  2650 | D:3      | Reached XP level 7. HP: 20/61 MP: 7/7
  3278 | D:4      | Found Roywn's Antique Weapon Emporium.
  3290 | D:4      | Found a shimmering altar of Xom.
  3293 | D:4      | Found a shimmering altar of Xom.
  3825 | D:4      | Found a staircase to the Ecumenical Temple.
  3835 | Temple   | Entered the Ecumenical Temple
  3849 | Temple   | Became a worshipper of Makhleb the Destroyer
  3995 | D:5      | Entered Level 5 of the Dungeon
  4154 | D:5      | Reached skill level 6 in Axes
  4327 | D:5      | Reached XP level 8. HP: 53/71 MP: 8/8
  4438 | D:5      | Found an opulent altar of Gozag.
  5573 | D:6      | Reached * piety under Makhleb
  5573 | D:6      | Reached skill level 7 in Axes
  6087 | D:7      | Noticed a hippogriff
  6098 | D:7      | Killed a hippogriff
  6098 | D:7      | Reached XP level 9. HP: 71/80 MP: 9/9
  6471 | D:7      | Reached skill level 8 in Axes
  8108 | D:9      | Noticed a troll
  8490 | D:9      | Reached skill level 9 in Axes
  8814 | D:9      | Found a staircase to the Lair.
  8814 | D:9      | Noticed an elephant
  8814 | D:9      | Noticed a death yak
  8910 | D:8      | Killed a death yak
  8910 | D:8      | Reached XP level 10. HP: 40/91 MP: 10/10
  9317 | D:10     | Entered Level 10 of the Dungeon
  9362 | D:10     | Reached ** piety under Makhleb
  9605 | D:10     | Reached skill level 10 in Axes
 10159 | D:10     | Reached skill level 10 in Fighting
 10338 | D:11     | Noticed a red ugly thing
 10342 | D:11     | Reached skill level 1 in Invocations
 10342 | D:11     | Reached XP level 11. HP: 77/101 MP: 11/11
 10549 | Lair:1   | Entered Level 1 of the Lair of Beasts
 10686 | Lair:1   | Reached skill level 11 in Axes
 11348 | D:11     | Found a staircase to the Orcish Mines.
 11388 | D:11     | Noticed a two-headed ogre
 11426 | D:10     | Killed a red ugly thing
 11727 | D:10     | Killed a two-headed ogre
 11855 | D:10     | Reached skill level 10 in Shields
 12153 | D:11     | Reached *** piety under Makhleb
 12156 | D:11     | Reached skill level 10 in Armour
 12320 | D:11     | Noticed a brown ugly thing
 12334 | D:11     | Killed a brown ugly thing
 12619 | D:11     | HP: 2/101 [ice devil (13)]
 12633 | D:11     | Slain by an ice devil

Skill      XL: |  1  2  3  4  5  6  7  8  9 10 11 |
---------------+----------------------------------+-----
Axes           | 3 4 5 6 7 9 10 11 | 11.5
Fighting       | 4 5 6 7 9 10 | 10.9
Armour         | 4 5 7 8 9 10 | 10.1
Shields        | 4 5 7 8 9 10 | 10.1
Invocations    | 1 4 |  4.2

Action                   |  1- 3 |  4- 6 |  7- 9 | 10-12 || total
-------------------------+-------+-------+-------+-------++-------
Melee: War axe           |    84 |   184 |   366 |       ||   634
       Broad axe         |       |       |    55 |   330 ||   385
Throw: Stone             |       |   151 |   132 |    30 ||   313
Invok: Lesser Servant of |       |       |       |     3 ||     3
Evoke: Wand              |       |       |     8 |     3 ||    11
  Use: Potion            |     1 |       |     5 |     4 ||    10
       Scroll            |       |       |    16 |     3 ||    19
  Eat: Chunk             |       |     6 |    13 |     3 ||    22
       Ration            |       |       |     2 |     3 ||     5
Armor: Scale mail        |    46 |    87 |   193 |    62 ||   388
       Chain mail        |       |       |       |    70 ||    70
Dodge: Dodged            |    33 |    46 |   149 |    96 ||   324
Block: Shield            |    53 |    98 |   252 |   184 ||   587
